[Event "Krakow Championship-A 2022"]
[Site "Krakow"]
[Date "2022.07.02"]
[Round "9.12"]
[White "Lim, Zhuo Ren"]
[Black "Liu, Casper"]
[Result "0-1"]
[ECO "E04"]
[WhiteElo "2290"]
[BlackElo "2218"]
[Annotator "TA"]
[PlyCount "74"]
[EventDate "2022.06.25"]
[EventType "swiss"]
[EventCountry "POL"]
[SourceTitle "playchess.com"]
[Source "ChessBase"]
[SourceQuality "1"]
[TimeControl "40/5400+30:1800+30"]

1. d4 d5 2. Nf3 Nf6 3. c4 e6 4. g3 dxc4 5. Bg2 Nc6 6. Qa4 Bb4+ 7. Bd2 Nd5 8. Bxb4 Ndxb4 9. O-O Rb8 10. Na3 {[%emt 0:01:32] E04: Open Catalan: 5 Nf3.} O-O 11. Qb5 $1 b6 12. Qxc4 {[%emt 0:00:31] White has an edge.} Ba6 13. Nb5 Qd5 14. Qxd5 Nxd5 15. a4 Bb7 (15... Na5 $5 ) 16. Rac1 a6 {[%emt 0:01:50] [#]} 17. Na3 $146 ({Predecessor:} 17. Nc3 Nf6 18. e4 Nb4 19. Ne5 Rbc8 20. Rfd1 Rfd8 21. f4 Kf8 22. Kf2 Nd7 23. Nc4 Ke7 24. e5 Bxg2 25. Kxg2 Nb8 26. Ne3 {½-½ (26) Wells,J (2024)-Ipatov,A (2147) Torquay 2013}) 17... Rfc8 18. Nc4 Ncb4 19. a5 Bc6 20. Nfe5 {[%emt 0:08:13] Threatens to win with axb6.} Bb5 21. axb6 (21. e4 $5 Ne7 22. Rfd1 $14) 21... cxb6 ({Black should try} 21... Nxb6 $11 22. b3 f6) 22. Nd6 $14 Rxc1 23. Rxc1 f6 24. Nec4 (24. e4 $1 $14 {is more appropriate.}) 24... Bd7 25. Ne3 (25. e4 $14 {was preferrable.} Nd3 26. Rd1) 25... Nxe3 26. fxe3 Kf8 $1 27. Rc4 (27. Rc7 $11 Ke7 28. Nc4) 27... Ke7 $15 28. Nf5+ $2 {[%emt 0:00:50] [#] This costs White the game.} ({Better is} 28. Ne4 $15 Nd5 29. Kf2) 28... exf5 $19 29. Rxb4 {[%emt 0:00:03][%mdl 4096] Endgame KRB-KRB} b5 {[%emt 0:01:44][%cal Bb6b5,Bb5b4][%mdl 32] Inhibits Rc4.} 30. d5 a5 31. Rd4 Kd6 32. Kf2 b4 33. e4 a4 {[%emt 0:00:29] [#] And now ...a3 would win.} 34. exf5 Bxf5 35. Rc4 $2 (35. e4 Bd7 36. Rd1) 35... a3 {[%emt 0:01:24] Black is clearly winning.} 36. Rc6+ Ke5 37. b3 Ra8 {[%emt 0:00:13] Weighted Error Value: White=0.49/Black=0.12 (very precise)} 0-1

[Event "Krakow Championship-A 2022"]
[Site "Krakow"]
[Date "2022.07.02"]
[Round "9.13"]
[White "Balaji Sekar"]
[Black "Marszalek, Maciej"]
[Result "1/2-1/2"]
[ECO "C88"]
[WhiteElo "1189"]
[BlackElo "2290"]
[Annotator "TA"]
[PlyCount "88"]
[EventDate "2022.06.25"]
[EventType "swiss"]
[EventCountry "POL"]
[SourceTitle "playchess.com"]
[Source "ChessBase"]
[SourceQuality "1"]
[TimeControl "40/5400+30:1800+30"]

1. e4 e5 2. Nf3 Nc6 3. Bb5 a6 4. Ba4 Nf6 5. O-O b5 6. Bb3 Be7 7. Re1 O-O 8. h3 Bb7 9. d3 d6 {[%emt 0:02:13] 9...d5 might become the main line. C88: Closed Ruy Lopez: Anti-Marshall Systems.} 10. Bd2 Re8 11. a4 Qd7 {[%emt 0:09:27] White has an edge.} 12. Nc3 {[%emt 0:01:19] [#]} Nd8 $146 ({Predecessor:} 12... Na5 13. Ba2 c5 14. Bg5 b4 15. Bxf6 Bxf6 16. Nd5 Qd8 17. Ne3 b3 18. Bxb3 Nxb3 19. cxb3 {½-½ (32) Galik,A (2247)-Glaser,K (2283) ICCF email 2019}) 13. Nd5 Ne6 14. Be3 Bd8 15. c3 Nc5 16. Bxc5 dxc5 17. d4 exd4 18. Nxf6+ Bxf6 19. e5 c4 20. exf6 Rxe1+ 21. Nxe1 {[%emt 0:00:32][%cal Od1d2] [#] Threatens to win with Qd2!} cxb3 22. axb5 axb5 {[%emt 0:03:11] Hoping for ...Rxa1.} 23. Rxa8+ Bxa8 24. cxd4 gxf6 (24... Bd5 {looks sharper.} 25. fxg7 Bc4 26. Qd2 Qf5) 25. Qxb3 Qxd4 $11 {[%emt 0:05:19][%mdl 4096] Endgame KQB-KQN} 26. Qg3+ Kh8 27. Qxc7 {[%emt 0:00:12] [#] Black must now prevent Qb8+.} Qe4 28. Qd8+ Kg7 29. Qd2 Qe5 30. f3 Bd5 31. Kf2 Bc4 32. f4 Qc5+ 33. Qe3 Qb4 34. Qg3+ Kh8 35. Qc3 Qd6 36. Kg3 Bd5 37. Nc2 Be4 38. Qd4 Qc6 39. Ne3 Kg7 (39... Kg8 $11) 40. Kf2 (40. Kh4 $1 $14) 40... h5 41. Kg3 Kg6 (41... Qa8 $11) 42. Kf2 ({Better is} 42. Kh4 $1 $14) 42... Kh7 43. Kg3 ({White should play} 43. Qb4 $11) 43... Kg6 $14 44. Kf2 (44. Kh4 $1 $14) 44... Bd3 $2 {[%mdl 40960] Weighted Error Value: White=0.08 (flawless) /Black=0.08 (flawless) . An unexpected result.} 1/2-1/2

[Event "Krakow Championship-A 2022"]
[Site "Krakow"]
[Date "2022.07.02"]
[Round "9.14"]
[White "Nurkiewicz, Maciej"]
[Black "Stevik, Patrik jun."]
[Result "1-0"]
[ECO "B06"]
[WhiteElo "2332"]
[BlackElo "2188"]
[Annotator "TA"]
[PlyCount "60"]
[EventDate "2022.06.25"]
[EventType "swiss"]
[EventCountry "POL"]
[SourceTitle "playchess.com"]
[Source "ChessBase"]
[SourceQuality "1"]
[TimeControl "40/5400+30:1800+30"]

1. e4 g6 2. d4 Bg7 3. Nc3 d6 4. g3 Nf6 5. Bg2 O-O 6. Nge2 Nbd7 7. O-O e5 8. h3 exd4 9. Nxd4 Re8 10. Re1 Nc5 11. Nb3 Nfd7 {[%emt 0:06:13] B07: Pirc Defence: Miscellaneous Systems.} 12. Be3 Ne6 (12... Bxc3 $5 13. bxc3 Rb8 $11) 13. f4 Nb6 {[%emt 0:01:45] [#] White is slightly better.} 14. Qe2 $146 (14. f5 {is more complex.} Nf8 15. Bd4 Bh6 16. fxg6 hxg6 17. e5) ({Predecessor:} 14. Bf1 Bd7 15. Qd2 Bc6 16. Nd4 Nxd4 17. Bxd4 Bxd4+ 18. Qxd4 Nd7 19. Nd5 Bxd5 20. exd5 {½-½ (28) Markosian,D (2362)-Brikov,I (2355) Tula 2001}) 14... Bd7 15. Rad1 Qc8 16. Qd3 Nd8 17. Kh2 Nc6 18. a3 Be6 19. Nd2 {[%emt 0:04:38] Prevents Bc4.} Qd8 20. g4 (20. b3 $16) 20... Qe7 (20... g5 $11 {keeps the balance.}) 21. Nd5 $16 Qd8 {[#]} 22. b3 Nd7 23. c4 Nc5 24. Bxc5 dxc5 25. e5 Nd4 26. Ne4 Bxd5 (26... Qh4 $142 27. Ndf6+ (27. Nxc5 Bxg4 28. Qxd4 Bxd1 $16) 27... Bxf6 28. Nxf6+ Kg7) 27. cxd5 $18 b6 28. b4 f6 29. e6 {[%emt 0:01:04] [#]} (29. d6 $18) 29... f5 $14 30. gxf5 {[%emt 0:00:08] 0x0.00207d09dcc3dp-1022s more active pieces.} gxf5 {[%emt 0:03:12] Weighted Error Value: White=0.35/Black=0.34} 1-0

[Event "Krakow Championship-A 2022"]
[Site "Krakow"]
[Date "2022.07.02"]
[Round "9.15"]
[White "Turcan, Richard"]
[Black "Goroshkov, Maksym"]
[Result "1-0"]
[ECO "A43"]
[WhiteElo "2278"]
[BlackElo "2226"]
[Annotator "TA"]
[PlyCount "87"]
[EventDate "2022.06.25"]
[EventType "swiss"]
[EventCountry "POL"]
[SourceTitle "playchess.com"]
[Source "ChessBase"]
[SourceQuality "1"]
[TimeControl "40/5400+30:1800+30"]

1. d4 Nf6 2. c4 c5 3. d5 d6 4. Nc3 e5 5. e4 Be7 6. Be2 O-O {[%emt 0:03:30] 6...Nbd7 might become the main line.} 7. Be3 {[%emt 0:02:00] A56: Czech Benoni.} a6 {[%emt 0:02:10] [#]} 8. f3 $146 ({Predecessor:} 8. g4 Ne8 9. Qd2 Nc7 10. g5 b5 11. cxb5 axb5 12. Nxb5 Nxb5 13. Bxb5 Ba6 14. Bxa6 Nxa6 {1-0 (31) Obando Guzman,S (2110)-Garcia Alarcon,A (1971) Bogota 2021}) 8... Nh5 9. Qd2 {[%emt 0:01:32] White is slightly better.} Nf4 10. Bf1 f5 11. g3 (11. Bxf4 exf4 12. O-O-O (12. Qxf4 $2 Bg5 $19) 12... Qa5 $15) 11... Ng6 12. exf5 $1 Bxf5 13. h4 h6 14. O-O-O Qe8 $2 (14... Nd7 $2 15. g4 $18) (14... Nh8 $14) 15. h5 $18 Nh8 16. g4 Bh7 17. Be2 b5 18. Nh3 (18. cxb5 axb5 19. Bxb5 Rxa2 $1 $15) 18... Nf7 19. Rdg1 (19. cxb5 axb5 20. Bxb5 Rxa2 $1 $11) 19... bxc4 20. g5 hxg5 21. Nxg5 (21. Bxg5 $18 Nd7 22. Bxe7 Qxe7 23. h6) 21... Nxg5 $16 22. Bxg5 Bxg5 (22... Nd7 $16 {keeps fighting.}) 23. Rxg5 Rf5 (23... Nd7 $16) 24. h6 $18 (24. Bxc4 Rxg5 25. Qxg5 Ra7 $16) 24... Rxg5 25. Qxg5 Qf8 26. Ne4 (26. Bxc4 Ra7 $16) 26... Bxe4 $2 (26... Qf4+ 27. Qxf4 exf4) 27. fxe4 {[%emt 0:00:02] White threatens Rf1 and mate.} Qf4+ 28. Qxf4 exf4 {[%emt 0:00:03][%mdl 4096] Endgame KRB-KRN} 29. Rg1 (29. Bxc4 Ra7 $14) 29... Ra7 {[%emt 0:00:09] [#]} 30. Rg6 $1 ({Not} 30. Bxc4 Kh7 $14) 30... Kh7 (30... Re7 $2 31. Bg4 $18 (31. Bxc4 Nd7 $18)) (30... Rf7 {is a better defense.} 31. Rxd6 gxh6) 31. Rxd6 Nd7 32. Re6 {[%emt 0:01:55] Against Ne5} Nf8 33. Re8 Ng6 34. e5 {[%emt 0:01:07][%cal Be4e5,Be5e6][%mdl 32] e6 is the strong threat.} Kxh6 35. e6 {[%emt 0:01:18] Threatens to win with d6.} f3 36. Bxf3 {[%emt 0:00:32] Intending d6 and mate.} Ne5 {[%emt 0:00:04] [#]} 37. d6 $1 Kg6 (37... g5 38. e7) 38. Re7 {[%emt 0:00:26] White mates.} Kf6 39. Rxa7 Kxe6 40. d7 Ke7 41. Bd1 g5 42. Ba4 g4 43. Ra8 Nf7 44. Re8+ {[%emt 0:00:06] Weighted Error Value: White=0.08 (flawless) /Black=0.49} 1-0

[Event "Krakow Championship-A 2022"]
[Site "Krakow"]
[Date "2022.07.02"]
[Round "9.16"]
[White "Pniaczek, Marek"]
[Black "Sieber, Fiona"]
[Result "1/2-1/2"]
[ECO "B41"]
[WhiteElo "2298"]
[BlackElo "2264"]
[Annotator "TA"]
[PlyCount "123"]
[EventDate "2022.06.25"]
[EventType "swiss"]
[EventCountry "POL"]
[SourceTitle "playchess.com"]
[Source "ChessBase"]
[SourceQuality "1"]
[TimeControl "40/5400+30:1800+30"]

1. e4 c5 2. Nf3 e6 3. d4 cxd4 4. Nxd4 a6 5. g3 d5 6. Nb3 {[%emt 0:00:19] B41: Sicilian: Kan Variation: 5 c4.} dxe4 7. Qxd8+ Kxd8 8. Nc3 {[%emt 0:06:21] [#] White has an edge.} Nf6 $146 (8... f5 $11) ({Predecessor:} 8... f5 9. Be3 Nf6 10. O-O-O+ Nbd7 11. Bc4 Ke7 12. Nd4 Ne5 13. Bb3 Bd7 14. Bg5 g6 {0-1 (34) Represa Perez,M (2151)-Fedorchuk,S (2604) Ferreira do Alentejo 2018}) 9. Bg5 Bd7 10. O-O-O Kc7 11. Bg2 Bb4 12. Nxe4 Bc6 13. Rd4 Nxe4 14. Bxe4 Bd6 (14... Bxe4 $14 15. Bf4+ (15. Rxe4 Nc6 $11) 15... Kc8 16. Rxe4 Nc6) 15. Na5 (15. Rhd1 $16 {Hoping for Bxc6.} h6 16. Be3 (16. Rxd6 hxg5 17. Bxc6 Nxc6 $16)) 15... Bxe4 (15... f6 $11 {keeps the balance.} 16. Bd2 (16. Nxc6 Nxc6 17. Bxc6 Kxc6 $11) 16... Bc5) 16. Rxe4 $16 b5 {[%emt 0:04:18] Prevents Rc4+.} 17. Rd1 Nc6 {[%emt 0:00:50] Inhibits Red4.} 18. Nxc6 Kxc6 19. Red4 Bc5 20. Rd7 Ra7 {[%emt 0:06:36] [#]} 21. R7d2 {[%emt 0:03:05] White is more active.} ({Better is} 21. R1d6+ $1 $16 Bxd6 22. Rxa7) 21... Rc8 22. Bf4 Re7 23. Be5 f6 24. Bd6 Bxd6 25. Rxd6+ $14 {[%emt 0:00:05][%mdl 4096] Endgame KRR-KRR} Kb7 26. R1d4 h5 27. a4 (27. c3 $14) 27... Rc6 28. Kd2 Rec7 29. Rxc6 Kxc6 $11 {[%emt 0:00:44] KR-KR} 30. Kc3 e5 31. Rh4 Kd5+ 32. Kd3 g6 33. axb5 axb5 34. Rb4 Kc5 35. c3 Ra7 36. f4 {[%emt 0:01:55] The position is equal.} Ra1 37. fxe5 fxe5 38. g4 Rd1+ 39. Ke3 h4 40. g5 h3 41. Rh4 Rg1 42. Rxh3 Rxg5 43. b3 Rg2 44. Kd3 Rb2 45. Rg3 Rxb3 {[%emt 0:01:35] Strongly threatening ...b4.} 46. Kc2 Ra3 47. Rxg6 Ra2+ 48. Kd3 Rxh2 {[%emt 0:00:33][%cal Oe5e4] White must now prevent ...e4+!} 49. Rg8 Rh3+ 50. Kd2 e4 51. Rc8+ Kd5 52. Rd8+ Kc4 {[%emt 0:01:39] ( -> ...Rd3+)} 53. Rd4+ Kb3 54. Rb4+ Ka3 55. Rxb5 Rh2+ 56. Ke3 Rc2 57. Kd4 Ka4 58. Rb1 Ka3 59. c4 Ka2 60. Rb8 e3 61. Kd3 $1 Rc1 62. Kxe3 {[%emt 0:04:37] Weighted Error Value: White=0.11 (very precise) /Black=0.09 (flawless)} (62. Rc8 $5 ) 1/2-1/2

[Event "Krakow Championship-A 2022"]
[Site "Krakow"]
[Date "2022.07.02"]
[Round "9.17"]
[White "Lye, Lik Zang"]
[Black "Gjestemoen-VonHirsch, Andre"]
[Result "1/2-1/2"]
[ECO "A58"]
[WhiteElo "2358"]
[BlackElo "2236"]
[Annotator "TA"]
[PlyCount "83"]
[EventDate "2022.06.25"]
[EventType "swiss"]
[EventCountry "POL"]
[SourceTitle "playchess.com"]
[Source "ChessBase"]
[SourceQuality "1"]
[TimeControl "40/5400+30:1800+30"]

1. d4 Nf6 2. c4 c5 3. d5 b5 4. cxb5 a6 5. bxa6 g6 6. Nc3 {[%emt 0:02:10][%cal Oa6a7] A58: Benko/Volga Gambit: Lines with 5 bxa6.} Bg7 7. e4 {[%emt 0:01:52] e5 is the strong threat.} O-O 8. a7 {[%emt 0:06:43] White is slightly better.} Rxa7 9. Nf3 d6 10. Be2 e6 11. O-O exd5 12. exd5 Na6 13. Bf4 Nc7 14. Qd2 Re8 15. Bg5 {[%emt 0:09:46] [#]} Qd7 $146 ({Predecessor:} 15... Bb7 16. Rfe1 Qa8 17. Bc4 Rxe1+ 18. Rxe1 Nfxd5 19. Ne4 Qf8 20. h4 h6 21. Bf4 Nxf4 22. Qxf4 Bxe4 23. Qxe4 {½-½ (39) L'Ami,E (2605)-Hoffmann,M (2471) Germany 2017}) 16. Rfe1 Bb7 (16... Ba6 $11 {remains equal.}) 17. Bc4 $16 Raa8 18. Rab1 Qf5 19. Qf4 {[%emt 0:02:17] Prevents Ne4.} ({White should play} 19. Rbd1 $14) 19... Rxe1+ $11 {[%emt 0:08:58] The position is equal.} 20. Rxe1 Nfxd5 21. Nxd5 (21. Qxf5 {seems wilder.} gxf5 22. Nxd5 Bxd5 23. Bxd5 Nxd5 24. Rd1) 21... Bxd5 22. Qxf5 gxf5 23. Bxd5 Nxd5 24. Rd1 {[%emt 0:00:51] [#]} Rxa2 $1 25. h4 (25. g3 Nc7) 25... Nc7 26. Rxd6 Bxb2 27. Bh6 {[%emt 0:00:35] Rd8+ would kill now.} Ne6 {[%emt 0:00:23] Inhibits Rd8+.} 28. Rc6 Ra8 {[%emt 0:00:51] Against Rc8+} 29. Ng5 Be5 {[%emt 0:00:52][%cal Ra8a1] [#]} 30. g3 Nxg5 31. hxg5 {[%emt 0:00:38][%mdl 4096] Endgame KRB-KRB} Bd4 32. Rc7 Re8 33. Kg2 Ra8 34. f4 Re8 35. g4 fxg4 36. Kg3 Ra8 37. Kxg4 Re8 38. f5 Re4+ 39. Kh5 {[%emt 0:00:19] Threatening mate with Rc8+.} Re8 {[%emt 0:00:03] Against Rc8} 40. Kg4 Re4+ 41. Kh5 {[%emt 0:30:24] White threatens Rc8+ and mate.} Re8 {[%emt 0:30:03] Against Rc8} 42. Kg4 {Weighted Error Value: White=0.10 (very precise) /Black=0.05 (flawless)} 1/2-1/2

[Event "Krakow Championship-A 2022"]
[Site "Krakow"]
[Date "2022.07.02"]
[Round "9.18"]
[White "Kvaloy, Aksel Bu"]
[Black "Kyc, Jerzy"]
[Result "1/2-1/2"]
[ECO "B90"]
[WhiteElo "2296"]
[BlackElo "2213"]
[Annotator "TA"]
[PlyCount "111"]
[EventDate "2022.06.25"]
[EventType "swiss"]
[EventCountry "POL"]
[SourceTitle "playchess.com"]
[Source "ChessBase"]
[SourceQuality "1"]
[TimeControl "40/5400+30:1800+30"]

1. e4 c5 2. Nf3 d6 3. d4 cxd4 4. Nxd4 Nf6 5. Nc3 a6 6. Be3 Ng4 7. Bc1 Nf6 8. f3 h5 {[%emt 0:05:50] 8...Nbd7 is the recent fashion. B90: Sicilian Najdorf: Unusual White 6th moves, 6 Be3 Ng4 and 6 Be3 e5.} ({Black should try} 8... e5 $11 9. Nb3 Be6) 9. Be3 Nbd7 10. Qd2 e6 {[%emt 0:01:42] White is slightly better.} 11. Bc4 {[%emt 0:06:04][%cal Oc4e6] And now Bxe6! would win.} Ne5 12. Bb3 Qc7 13. Qe2 b5 {[%emt 0:01:49] [#]} 14. O-O-O $146 ({Predecessor:} 14. O-O Bd7 15. a4 b4 16. Na2 Qb7 17. c3 bxc3 18. Nxc3 Be7 19. a5 O-O 20. Ba4 Rfc8 21. Rfb1 Rab8 22. Bxd7 Nfxd7 {0-1 (41) Rosenzweig,V (2100)-Sikora,J (2253) Tabor 2005}) 14... Bd7 15. f4 Nc4 16. Bxc4 Qxc4 17. Qxc4 bxc4 18. Nf3 Bc6 19. Rd4 d5 20. exd5 Bxd5 21. Nxd5 Nxd5 22. Bd2 c3 $1 23. Bxc3 Nxc3 24. bxc3 Bc5 25. Rd3 O-O 26. Ne5 Rfc8 27. Kd2 Rab8 28. Rd7 f6 29. Nd3 Ba3 30. Re1 Rc6 31. Re3 Rbc8 32. Rg3 {[%emt 0:01:16] White is more active.} (32. Nc1 $5 ) 32... Bf8 33. Nf2 h4 34. Rgd3 Rc5 35. Rd8 Rxd8 36. Rxd8 $14 {[%emt 0:00:02][%mdl 4096] Endgame KRB-KRN} Ra5 37. c4 Kf7 38. Nd3 g5 39. g3 hxg3 40. hxg3 gxf4 41. gxf4 e5 (41... Ba3 $14) 42. fxe5 $16 fxe5 43. Rd5 Rxa2 (43... Ra4 $142) 44. c5 (44. Nxe5+ $16 Ke6 45. Nd3) 44... e4 $11 {[%emt 0:15:15] The position is equal.} 45. c6 exd3 46. Kxd3 {[%emt 0:01:03] [#] Threatening mate with c7. KRB-KR} Ra3+ 47. Kc4 Ra4+ 48. Kc3 {[%emt 0:01:11] aiming for c7.} Ra3+ 49. Kc4 {[%emt 0:02:52] Hoping for c7.} Ra4+ 50. Kd3 {[%emt 0:01:49] [#] White wants to mate with c7.} Ra3+ 51. c3 {[%emt 0:01:41] White threatens c7 and mate.} Bb4 (51... Ke6 $2 52. c7 Kxd5 53. c8=Q $18) 52. Rc5 Bxc5 53. c7 Bb4 $1 (53... Rxc3+ $2 54. Kxc3 Ke6 55. c8=Q+ Kd5 56. Qg8+ Kd6 57. Kc4 Bf2 58. Qf8+ Ke6 59. Qxf2) 54. c8=Q {[%emt 0:00:05] Threatens to win with Qc4+.} Rxc3+ 55. Qxc3 Bxc3 56. Kxc3 {[%emt 0:00:05] Weighted Error Value: White=0.09 (flawless) /Black=0.09 (flawless)} 1/2-1/2

[Event "Krakow Championship-A 2022"]
[Site "Krakow"]
[Date "2022.07.02"]
[Round "9.19"]
[White "Torkkola, Henri"]
[Black "Shehzad, Shazil"]
[Result "0-1"]
[ECO "A43"]
[WhiteElo "2197"]
[BlackElo "2237"]
[Annotator "TA"]
[PlyCount "80"]
[EventDate "2022.06.25"]
[EventType "swiss"]
[EventCountry "POL"]
[SourceTitle "playchess.com"]
[Source "ChessBase"]
[SourceQuality "1"]
[TimeControl "40/5400+30:1800+30"]

1. d4 c5 2. d5 Nf6 3. Bg5 b5 4. Bxf6 exf6 5. e4 b4 6. Nd2 {[%emt 0:02:59] A45: Trompowsky Attack.} g6 {[%emt 0:00:12] [#]} 7. Ne2 $146 ({Predecessor:} 7. Nc4 d6 8. Bd3 Bg7 9. Ne2 O-O 10. O-O Bb7 11. Nf4 Bh6 12. Qf3 Nd7 13. Nh5 {½-½ (39) Abad Sanmartin,J (1907)-Munoz Pantoja,M (2504) Barcelona 2018}) 7... Bg7 8. Ng3 {[%emt 0:00:06] Prevents f5. The position is equal.} O-O 9. Be2 d6 10. O-O f5 11. exf5 Bxb2 12. Rb1 Bg7 13. Re1 Nd7 14. Nde4 Nb6 15. f6 Bxf6 16. Nxf6+ Qxf6 17. Rb3 (17. Bb5 $17) 17... Bb7 (17... Re8 $19 {...Bd7 is the strong threat.} 18. Rf3 Qb2) 18. Bf3 (18. Bb5 $17 {is a better defense.}) 18... Rad8 (18... Rae8 $19 {aiming for ...Rxe1+.} 19. Rbe3 Rxe3 20. Rxe3 Nc4) 19. Ne4 (19. a3 $17) 19... Qg7 $19 20. Ng3 a5 21. Rbe3 Na4 22. Ne4 (22. Qd3 $17 {keeps fighting.} Bc8 23. Ne4) 22... Nb2 23. Qe2 Bxd5 24. Nf6+ Qxf6 25. Bxd5 Na4 26. Rf3 Qd4 {[%emt 0:06:43] [#]} ({Better is} 26... Qg5 $19 27. Bxf7+ Rxf7) 27. Bxf7+ $11 Kh8 28. Qe7 Qg7 29. h4 $1 Nb6 30. Re6 $2 {[%emt 0:06:40][%mdl 8192] [#]} (30. Qc7 $11 Nc4 31. Re7) 30... Rd7 $19 31. Qxf8+ Qxf8 32. Re8 Qxe8 (32... Rd8 $142 33. Rxf8+ Rxf8) 33. Bxe8 {[%emt 0:00:01][%mdl 4096] Endgame KRB-KRN} Re7 34. Bb5 Kg7 {[%emt 0:00:16] Prevents Rf8.} 35. Kf1 Nd5 36. Rd3 Nc3 37. Bc4 Rd7 {[%emt 0:00:10] And now ...d5 would win.} 38. a3 d5 {[%emt 0:00:08][%cal Bd6d5,Bd5c4][%mdl 32] Black is clearly winning.} 39. Ke1 (39. Bb3 $142 Kf6 40. axb4 axb4 41. g3) 39... Re7+ 40. Kf1 dxc4 {[%emt 0:00:04] Weighted Error Value: White=0.72/Black=0.34} 0-1

[Event "Krakow Championship-A 2022"]
[Site "Krakow"]
[Date "2022.07.02"]
[Round "9.20"]
[White "Michalicka, Milan"]
[Black "Easwaralingam, Adesh"]
[Result "1-0"]
[ECO "E32"]
[WhiteElo "2222"]
[BlackElo "2116"]
[Annotator "RC"]
[PlyCount "107"]
[EventDate "2022.06.25"]
[EventType "swiss"]
[EventCountry "POL"]
[SourceTitle "playchess.com"]
[Source "ChessBase"]
[SourceQuality "1"]
[TimeControl "40/5400+30:1800+30"]

1. d4 Nf6 2. c4 e6 3. Nc3 Bb4 4. Qc2 O-O 5. a3 Bxc3+ 6. Qxc3 d5 7. Nf3 h6 8. Bf4 b6 9. e3 Ba6 10. Qc2 Nbd7 11. b4 c5 12. dxc5 bxc5 13. b5 Bb7 14. Be2 Qa5+ 15. Qd2 Qxd2+ 16. Nxd2 a6 17. Bd6 Rfc8 18. bxa6 Rxa6 19. Bg3 Rca8 20. cxd5 Rxa3 21. Rxa3 Rxa3 22. dxe6 fxe6 23. O-O Ra2 24. Rd1 Bd5 25. Bd3 Nb6 26. e4 Bc6 27. Bf4 c4 28. Nxc4 Bxe4 29. Bf1 Nbd5 30. Be5 Bg6 31. Bd4 Nf4 32. Ne5 Bh5 33. f3 Ne2+ 34. Bxe2 Rxe2 35. Kf1 Rc2 36. Bf2 Nd5 37. Ra1 Be8 38. Ra8 Kf8 39. Bc5+ Ne7 40. h4 h5 41. Kg1 Rxc5 42. Nd7+ Kf7 43. Nxc5 Nf5 44. Nxe6 Nxh4 45. Nxg7 Kxg7 46. Rxe8 Nf5 47. Kf2 Kg6 48. g3 Kg5 49. Rg8+ Kf6 50. f4 Ng7 51. Kg2 Kf7 52. Ra8 Kf6 53. Kh3 Nf5 54. Rg8 1-0